 Dungeon Crawl Stone Soup version 0.22-a0-117-g314b907 (webtiles) character file.

347 Kavrick the Slasher (level 6, -5/48 HPs)
             Began as a Demonspawn Fighter on Jan 29, 2018.
             Was an Initiate of Cheibriados.
             Slain by an ogre
             ... wielding a +0 giant club
              (10 damage)
             ... on level 4 of the Dungeon.
             The game lasted 00:08:55 (3870 turns).

Kavrick the Slasher (Demonspawn Fighter)            Turns: 3870, Time: 00:08:56

Health: -5/48      AC:  9    Str: 19    XL:     6   Next: 33%
Magic:  6/6        EV:  7    Int: 11    God:    Cheibriados [......]
Gold:   218        SH:  9    Dex: 13    Spells: 5/5 levels left

rFire    . . .     SeeInvis .   i - -3 falchion (curse)
rCold    . . .     Gourm    .   c - +0 shield
rNeg     . . .     Faith    .   b - +0 scale mail
rPois    .         Spirit   .   l - +1 helmet
rElec    .         Reflect  .   (no cloak)
rCorr    .         Harm     .   (no gloves)
MR       .....                  (no boots)
Stlth    ..........             j - amulet of regeneration
HPRegen  0.16/turn              (no ring)
MPRegen  0.10/turn              (no ring)

@: very slow
A: talons 1, rot immunity
a: Bend Time, Renounce Religion


You were on level 4 of the Dungeon.
You worshipped Cheibriados.
Cheibriados was noncommittal.
You were not hungry.

You visited 1 branch of the dungeon, and saw 4 of its levels.

You collected 218 gold pieces.

Inventory:

Hand Weapons
 a - a +0 long sword
 i - a cursed -3 falchion (weapon)
Armour
 b - a +0 scale mail (worn)
 c - a +0 shield (worn)
 l - a +1 helmet (worn)
Jewellery
 h - an uncursed ring of see invisible {unknown}
 j - an amulet of regeneration (around neck)
Scrolls
 m - a scroll of magic mapping {unknown}
 p - a scroll of fear
 s - a scroll of amnesia
 v - a scroll of random uselessness {unknown}
Potions
 d - 3 potions of might
 e - a potion of lignification {unknown}
 g - a potion of berserk rage {unknown}
 k - a potion of brilliance {unknown}
 n - a potion of resistance {unknown}
 q - a potion of flight {unknown}
 r - 2 potions of haste {unknown}
 t - 2 potions of curing {unknown}
Books
 o - a book of Misfortune

   Spells                             Type                      Level
   a - Confusing Touch                Hexes                        1
   b - Confuse                        Hexes                        3
   c - Gell's Gravitas                Translocation                3
   d - Petrify                        Transmutation/Earth          4
   e - Metabolic Englaciation         Hexes/Ice                    5
   f - Yara's Violent Unravelling     Hexes/Transmutation          5
Comestibles
 f - 6 rations
 u - 2 chunks of flesh


   Skills:
 + Level 4.1 Fighting
 * Level 4.1 Long Blades
 + Level 3.7 Armour
 + Level 3.7 Shields


You had 5 spell levels left.
You didn't know any spells.

Dungeon Overview and Level Annotations

Branches:
Dungeon (4/15)             Temple (0/1) D:4

Altars:
Cheibriados
Gozag
Qazlal
Ru
Sif Muna

Shops:
D:4 (


Innate Abilities, Weirdness & Mutations

You have sharp toenails.
You are immune to rotting.


Message History

You are too injured to fight recklessly!
You are too injured to fight recklessly!
You are too injured to fight recklessly!
You are too injured to fight recklessly!
You are too injured to fight recklessly!
You are too injured to fight recklessly!
You are too injured to fight recklessly!
You are too injured to fight recklessly!
You are too injured to fight recklessly!
You are too injured to fight recklessly!
You hit the ogre.
The ogre is lightly wounded.
You closely miss the ogre. You claw the ogre, but do no damage.
The ogre is lightly wounded.
The ogre hits you with a giant club!
* * * LOW HITPOINT WARNING * * *
You hit the ogre. You claw the ogre!
The ogre is heavily wounded.
The ogre hits you with a giant club!
You die...

######..###§§§§§§
#### #....#§§§§§§
#... #....#§§§§§§
#.## #.##.#§§§§§§
### #.#..######§
#.#......_#8
#....######§
###..#§§§§§§
##@#§§§§§§
......O.#§§§§§§
#######.#§§§§§§
#.# ##### #.# #.#
#.# #.#


You could see an ogre.

Vanquished Creatures
  A scorpion (D:4)
  A howler monkey (D:4)
  An orc wizard (D:3)
  Natasha (twice) (D:4)
  A worker ant (D:4)
  A hound skeleton (D:4)
  A gnoll (D:1)
  6 adders
  2 oozes
  4 dart slugs
  A leopard gecko (D:3)
  2 orcs (D:3)
  2 ball pythons
  3 giant cockroaches
  10 goblins
  4 hobgoblins
  5 quokkas
  6 bats
  7 frilled lizards
  6 kobolds
  5 rats
71 creatures vanquished.

Notes
Turn   | Place    | Note
-------+----------+-------------------------------------------
     0 | D:1      | Kavrick the Demonspawn Fighter began the quest for the Orb.
     0 | D:1      | Reached XP level 1. HP: 18/18 MP: 1/1
   248 | D:1      | Gained mutation: You have sharp toenails. [demonic ancestry]
   248 | D:1      | Reached XP level 2. HP: 24/24 MP: 2/2
   710 | D:1      | Reached XP level 3. HP: 29/29 MP: 3/3
  1435 | D:2      | Found a deep blue altar of Sif Muna.
  1445 | D:2      | Reached XP level 4. HP: 26/35 MP: 4/4
  2288 | D:3      | Found a sacrificial altar of Ru.
  2307 | D:3      | Gained mutation: You are immune to rotting. [demonic ancestry]
  2307 | D:3      | Reached XP level 5. HP: 30/41 MP: 5/5
  3103 | D:3      | Found a snail-covered altar of Cheibriados.
  3153 | D:4      | Found Niggah's Antique Weapon Shoppe.
  3176 | D:4      | Found an opulent altar of Gozag.
  3329 | D:3      | Became a worshipper of Cheibriados the Contemplative
  3516 | D:4      | Found a staircase to the Ecumenical Temple.
  3552 | D:4      | Noticed Natasha
  3571 | D:4      | Killed Natasha
  3764 | D:4      | Reached XP level 6. HP: 43/48 MP: 6/6
  3765 | D:4      | Noticed Natasha
  3772 | D:4      | Killed Natasha
  3855 | D:4      | Found a stormy altar of Qazlal.
  3870 | D:4      | Slain by an ogre

Vault maps used:
D:1:      dpeg_arrival_circle_labyrinth_c
D:2:      nicolae_overflow_crystal_walls
D:3:      nicolae_ru_great_annihilating_truth, kennysheep_slug_shrine
D:4:      kennysheep_mini, nicolae_qazlal_eye_of_the_storm, temple_hall,
          serial_shops, shop, first_ration, grunt_gozag_statues, uniq_natasha

Skill      XL: |  1  2  3  4  5  6 |
---------------+-------------------+-----
Long Blades    | 2 3 4 |  4.1
Armour         | 3 |  3.7
Shields        | 3 |  3.7
Fighting       | 4 |  4.1

Action                   |  1- 3 |  4- 6 || total
-------------------------+-------+-------++-------
Melee: Long sword        |    98 |   133 ||   231
       Kick              |    15 |    33 ||    48
       Falchion          |       |     6 ||     6
  Use: Scroll            |       |     4 ||     4
 Stab: Paralysed         |       |     1 ||     1
  Eat: Chunk             |     2 |     8 ||    10
Armor: Scale mail        |    39 |    50 ||    89
Dodge: Dodged            |    22 |    40 ||    62
Block: Shield            |    44 |    50 ||    94
       Rpst.: Long sword |     6 |     7 ||    13

Table legend:
 A = Spawn XP
 B = Non-spawn XP
 C = Spawn XP percentage of total XP
 D = Spawn monster count
 E = Non-spawn monster count
 F = Spawn count percentage of total count
 G = Total turns spent on level
                    A         B        C        D         E        F      G
               +---------+---------+-------+---------+---------+-------+---------
         Total |       0 |     497 |   0.0 |       0 |      71 |   0.0 |  3870
               +---------+---------+-------+---------+---------+-------+---------
           D:1 |       0 |      65 |   0.0 |       0 |      27 |   0.0 |  1284
           D:2 |       0 |      85 |   0.0 |       0 |      19 |   0.0 |   980
           D:3 |       0 |      97 |   0.0 |       0 |      16 |   0.0 |   948
           D:4 |       0 |     250 |   0.0 |       0 |       9 |   0.0 |   658
               +---------+---------+-------+---------+---------+-------+---------
